Workbook

Sheet DASHBOARD
B2: RESUMEN CASHFLOW | F2: GOAL | H2: GOALS | M2: PLAN
B3: INGRESOS | D3: =IFERROR(CASHFLOW!C5, 0) -> 0
B4: GASTOS | D4: =IFERROR(SUM(CASHFLOW!C8:C9), 0) -> 0 | H4: En 30 días | M4: 1
B5: BALANCE | D5: =D3-D4 -> 0 | M5: 2
B6: SALUD FINANCIERA | F6: GOAL | M6: 3
B7: Deuda (mensual) | D7: =CASHFLOW!C9 -> 0 | M7: 4
B8: Deuda (total) | D8: =SUM('PATRIMONIO NETO'!C14:C15) -> 22 | H8: En 90 días | M8: 5
B9: Patrimonio líquido | D9: ='PATRIMONIO NETO'!C11 -> 12 | M9: 6
B10: Patrimonio no líquido | D10: =SUM('PATRIMONIO NETO'!C12:C13) -> 34 | M10: 7
B11: Fondo de emergencia | D11: ='FONDO DE EMERGENCIAS'!G9 -> 0 | M11: 8
B12: SOLVENCIA | H12: En 360 días | M12: 9
C13: Margen Actual | D13: =D5 -> 0 | F13: > 0 | M13: 10
C14: Meses de cobertura | D14: =IFERROR(D9/D4, 0) -> 0 | F14: >= 6 meses | M14: 11
C15: Carga mensual de deuda | D15: =IFERROR(D7/D3, 0) -> 0 | F15: < 25% | M15: 12
M16: 13
H17: ESTADO | M17: 14
M18: 15
H19: Seguridad financiera actual | J19: Libertad financiera actual
H23: Seguridad financiera futura | J23: Seguridad financiera futura

Sheet PATRIMONIO NETO
B2: PATRIMONIO NETO | H2: Última actualización: | I2: 46099
B5: RATIO ENDEUDAMIENTO | C5: =IFERROR(H26/D26, 0) -> 0.47826087
B10: Resumen
B11: Activos líquidos | C11: =IFERROR(__xludf.DUMMYFUNCTION("IFERROR(SUM(FILTER(D28:D65, REGEXMATCH(B28:B65, B11))), 0)"),12.0) -> 12
B12: Activos de inversión | C12: =IFERROR(__xludf.DUMMYFUNCTION("IFERROR(SUM(FILTER(D28:D65, REGEXMATCH(B28:B65, B12))), 0)"),1.0) -> 1
B13: Activos de uso | C13: =IFERROR(__xludf.DUMMYFUNCTION("IFERROR(SUM(FILTER(D28:D65, REGEXMATCH(B28:B65, B13))), 0)"),33.0) -> 33
B14: Deuda buena | C14: =IFERROR(__xludf.DUMMYFUNCTION("IFERROR(SUM(FILTER(H28:H65, REGEXMATCH(F28:F65, B14))), 0)"),12.0) -> 12
B15: Deuda mala | C15: =IFERROR(__xludf.DUMMYFUNCTION("IFERROR(SUM(FILTER(H28:H65, REGEXMATCH(F28:F65, B15))), 0)"),10.0) -> 10
B26: ACTIVOS | D26: =SUM(D28:D65) -> 46 | F26: DEUDAS | H26: =SUM(H28:H65) -> 22
B27: Categoría | C27: Descripción | D27: Valor | F27: Categoría | G27: Descripción | H27: Valor
B28: Activos líquidos | D28: 12 | F28: Deuda buena | H28: 12
B29: Activos de inversión | D29: 1 | F29: Deuda mala | H29: 10
B30: Activos de uso | D30: 33

Sheet CASHFLOW
B2: CASHFLOW | I2: Última actualización: | J2: 46100
B4: Resumen | F4: RESUMEN INGRESOS | I4: RESUMEN GASTOS
B5: Ingresos | C5: =SUM(G5:G17) -> 0 | F5: =DATABASE!C2 -> Nómina | G5: =IFERROR(__xludf.DUMMYFUNCTION("IFERROR(FILTER(C23:C62, REGEXMATCH(D23:D62, F5)), 0)"),0.0) -> 0 | I5: =DATABASE!D2 -> Ahorro | J5: =IFERROR(__xludf.DUMMYFUNCTION("IFERROR(SUM(FILTER(J23:J62, REGEXMATCH(I23:I62, I5)), 0), 0)"),0.0) -> 0
B6: Ahorro | C6: =J5 -> 0 | F6: =DATABASE!C3 -> Negocio | G6: =IFERROR(__xludf.DUMMYFUNCTION("IFERROR(FILTER(C23:C62, REGEXMATCH(D23:D62, F6)), 0)"),0.0) -> 0 | I6: =DATABASE!D3 -> Inversión | J6: =IFERROR(__xludf.DUMMYFUNCTION("IFERROR(SUM(FILTER(J23:J62, REGEXMATCH(I23:I62, I6)), 0), 0)"),0.0) -> 0
B7: Inversión | C7: =J6 -> 0 | F7: =DATABASE!C4 -> Dividendos | G7: =IFERROR(__xludf.DUMMYFUNCTION("IFERROR(FILTER(C23:C62, REGEXMATCH(D23:D62, F7)), 0)"),0.0) -> 0 | I7: =DATABASE!D4 -> Deudas | J7: =IFERROR(__xludf.DUMMYFUNCTION("IFERROR(SUM(FILTER(J23:J62, REGEXMATCH(I23:I62, I7)), 0), 0)"),0.0) -> 0
B8: Gastos | C8: =SUM(J8:J17) -> 0 | F8: =DATABASE!C5 -> Devolución | G8: =IFERROR(__xludf.DUMMYFUNCTION("IFERROR(FILTER(C23:C62, REGEXMATCH(D23:D62, F8)), 0)"),0.0) -> 0 | I8: =DATABASE!D5 -> Alimentación | J8: =IFERROR(__xludf.DUMMYFUNCTION("IFERROR(SUM(FILTER(J23:J62, REGEXMATCH(I23:I62, I8)), 0), 0)"),0.0) -> 0
B9: Deudas | C9: =J7 -> 0 | F9: =DATABASE!C6 -> Ingreso Extraordinario | G9: =IFERROR(__xludf.DUMMYFUNCTION("IFERROR(SUM(FILTER(C23:C62, REGEXMATCH(D23:D62, F9))), 0)"),0.0) -> 0 | I9: =DATABASE!D6 -> Vivienda | J9: =IFERROR(__xludf.DUMMYFUNCTION("IFERROR(SUM(FILTER(J23:J62, REGEXMATCH(I23:I62, I9)), 0), 0)"),0.0) -> 0
F10: =DATABASE!C7 -> Movimiento entre cuentas | G10: =IFERROR(__xludf.DUMMYFUNCTION("IFERROR(FILTER(C23:C62, REGEXMATCH(D23:D62, F10)), 0)"),0.0) -> 0 | I10: =DATABASE!D7 -> Transporte | J10: =IFERROR(__xludf.DUMMYFUNCTION("IFERROR(SUM(FILTER(J23:J62, REGEXMATCH(I23:I62, I10)), 0), 0)"),0.0) -> 0
B11: Capital Inicial | C11: 0 | F11: =DATABASE!C8 -> Intereses | G11: =IFERROR(__xludf.DUMMYFUNCTION("IFERROR(FILTER(C23:C62, REGEXMATCH(D23:D62, F11)), 0)"),0.0) -> 0 | I11: =DATABASE!D8 -> Salud | J11: =IFERROR(__xludf.DUMMYFUNCTION("IFERROR(SUM(FILTER(J23:J62, REGEXMATCH(I23:I62, I11)), 0), 0)"),0.0) -> 0
F12: =DATABASE!C9 -> Otros | G12: =IFERROR(__xludf.DUMMYFUNCTION("IFERROR(FILTER(C23:C62, REGEXMATCH(D23:D62, F12)), 0)"),0.0) -> 0 | I12: =DATABASE!D9 -> Ocio | J12: =IFERROR(__xludf.DUMMYFUNCTION("IFERROR(SUM(FILTER(J23:J62, REGEXMATCH(I23:I62, I12)), 0), 0)"),0.0) -> 0
I13: =DATABASE!D10 -> Vestuario | J13: =IFERROR(__xludf.DUMMYFUNCTION("IFERROR(SUM(FILTER(J23:J62, REGEXMATCH(I23:I62, I13)), 0), 0)"),0.0) -> 0
B14: BALANCE | C14: =(C11+SUM(G5:G17))-SUM(J5:J17) -> 0 | I14: =DATABASE!D11 -> Educación | J14: =IFERROR(__xludf.DUMMYFUNCTION("IFERROR(FILTER(I23:I62, REGEXMATCH(J23:J62, I14)), 0)"),0.0) -> 0
I15: =DATABASE!D12 -> Negocios | J15: =IFERROR(__xludf.DUMMYFUNCTION("IFERROR(SUM(FILTER(J23:J62, REGEXMATCH(I23:I62, I15)), 0), 0)"),0.0) -> 0
I16: =DATABASE!D13 -> Gastos Profesionales | J16: =IFERROR(__xludf.DUMMYFUNCTION("IFERROR(SUM(FILTER(J23:J62, REGEXMATCH(I23:I62, I16)), 0), 0)"),0.0) -> 0
I17: =DATABASE!D14 -> Otros | J17: =IFERROR(__xludf.DUMMYFUNCTION("IFERROR(SUM(FILTER(J23:J62, REGEXMATCH(I23:I62, I17)), 0), 0)"),0.0) -> 0
B20: INGRESOS | G20: GASTOS
D21: TOTAL | E21: =SUM(E23:E60) -> 0 | I21: TOTAL | J21: =SUM(J23:J60) -> 0
B22: Fecha | C22: Concepto | D22: Categoría | E22: Cantidad | G22: Fecha | H22: Concepto | I22: Categoría | J22: Cantidad

Sheet FONDO DE EMERGENCIAS
B2: FONDO DE EMERGENCIAS | K2: Última actualización: | L2: 46099
B4: GASTO TOTAL | C4: =SUM(CASHFLOW!J7:J17) -> 0 | H4: 3 meses | I4: 6 meses | J4: 9 meses | K4: 12 meses | L4: 24 meses
G5: Fondo sobre el gasto total | H5: =C4*3 -> 0 | I5: =C4*6 -> 0 | J5: =C4*9 -> 0 | K5: =C4*12 -> 0 | L5: =C4*24 -> 0
B9: FONDO ACTUAL | C9: =0 -> 0 | F9: FONDO ACTUAL ESTIMADO | G9: =C18+C9 -> 0 | J9: MESES DE LIBERTAD FINANCIERA | K9: =IFERROR(G9/C4, 0) -> 0
B14: DESPIDO
B15: Finiquito | C15: 0
B16: Paro mensual | C16: 0
B17: Meses de prestación | C17: 0
B18: Ayuda Estimada | C18: =C15+(C16*C17) -> 0

Sheet HISTORICO
B3: HISTÓRICO | J3: Última actualización: | K3: 46099
B17: FECHA | C17: PATRIMONIO | D17: INGRESOS | E17: GASTOS | F17: FONDO EMERGENCIAS | G17: NOTAS

Sheet INSTRUCCIONES
B2: DASHBOARD
B3: El dashboard calcula automáticamente el estado de tus finanzas. A modo resumen, cada sección indica esto: - Resumen Cashflow: Hace un resumen del flujo de caja de el mes en curso. No tiene en cuenta datos históricos. - Salud Financiera: Da un overview general de tus finanzas. La deuda mensual se calcula en base la hoja de CASHFLOW - Solvencia: un breve resumen de tu solvencia. El margen indica el dinero que te sobra, en base a las medianas de ingresos y gastos. Los meses de cobertura indican los meses que quedarás cubierto por tu fondo de emergencia. La carga de la deuda indica cuánto pesa la deuda en tu economía mensual. GOALS & ESTADO Marca tus objetivos económicos a corto, medio y largo plazo. Puedes indicar otro tipo de objetivos también. En la sección de "ESTADO" puedes indicar cómo te sientes con tus finanzas en cuanto a seguridad y libertad y cómo te gustaría sentirte. PLAN Utiliza el plan para indicar pasos concretos que seguir y alcanzar los objetivos planteados. Los 5 primeros están reservados al objetivo de 30 días; del 6 al 10 son para el objetivo a 90 días; del 11 al 15 son para el objetivo a 360 días. Según vayas avanzando, puedes desplazar los objetivos, cambiarlos, volverlos más concretos o incluso eliminarlos. La idea es que sea un apartado en constante cambio. Qué esté vivo > Rellenar GOALs, ESTADO y PLAN. Dejar el resto intacto. Actualizar con frecuencia.<
B24: PATRIMONIO NETO
B25: Esto es un resumen de tu patrimonio neto. Puedes incluir el valor de tu fondo de emergencia aquí como un activo líquido si quieres que forme parte de la estimación. Lo importante es el RATIO ENDEUDAMIENTO. Este sirve para calcular cuantas veces tus activos cubren tus deudas. Es un indicador importante de salud financiera, que buscaremos sea inferior al 25% como norma general. Las gráficas son una representación visual de la distribución de activos y deuda. Ayuda a visualizar de un plumazo dónde se concentran nuestros activos y nuestra deuda. > Esta hoja debe actualizarse una vez al año como mínimo, salvo casos especiales o patrimonios muy cambiantes. <
B35: CASHFLOW
B36: La función de esta hoja es trackear los gastos e ingresos, y ver a dónde se va el dinero. Es extremadamente útil para tomar conciencia sobre las finanzas de uno mismo. Hay algunos apuntes que debes saber: - En este modelo, la deuda, el ahorro y la inversión se toman como gastos. Es por simplicidad del modelo. - Puedes usar el capital inicial para inyectar capital en el flujo sin indicar procedencia. Por ejemplo, si tienes ya 1000 euros en una cuenta, que no sabes muy bien de donde han salido, puedes inyectarlo ahí. Esta opción sirve para dar compatibilidad a personas que no llevan sus finanzas al día, o utilizan fondos de otros meses en el mes actual. - El apartado de resumen > gastos no tiene en cuenta la deuda, el ahorro ni la inversión en su cálculo. > Actualiza la hoja semanalmente, o cada 15 días. Como último recurso, actualízalo una vez al mes <
B46: FONDO DE EMERGENCIAS
B47: En esta página, son editables los siguientes campos: - Fondo Actual - Finiquito - Paro mensual En el caso de no querer tener en cuenta las ayudas estatales, basta con dejar en blanco o a cero los campos de "DESPIDO". El fondo actual representa la cantidad actual que tienes en tu fondo. > Actualizar esta hoja con frecuencia <
B57: HISTÓRICO
B58: Muestra unas gráficas básicas sobre la evolución del patrimonio, los ingresos y los gastos. También sobre la evolución del fondo de emergencias. Recomiendo introducir un mínimo registro mensual para no saturar la hoja. Puedes espaciar más los registros: trimestral, semestral, anual. Lo que mejor vaya con flujo de trabajo.

Sheet DATABASE
A1: Tipos de Activo | B1: Tipos de deuda | C1: Tipos Ingresos | D1: Tipos Gastos
A2: Activos líquidos | B2: Deuda buena | C2: Nómina | D2: Ahorro
A3: Activos de inversión | B3: Deuda mala | C3: Negocio | D3: Inversión
A4: Activos de uso | C4: Dividendos | D4: Deudas
C5: Devolución | D5: Alimentación
C6: Ingreso Extraordinario | D6: Vivienda
C7: Movimiento entre cuentas | D7: Transporte
C8: Intereses | D8: Salud
C9: Otros | D9: Ocio
D10: Vestuario
D11: Educación
D12: Negocios
D13: Gastos Profesionales
D14: Otros
